 Dungeon Crawl Stone Soup version 0.30.1-4-g462c640d31 (webtiles) character file.

Game seed: 14171037417766735947

512 Peloso the Covered (level 6, -11/55 HPs)
             Began as a Minotaur Fighter on Sept 16, 2023.
             Killed from afar by an acid dragon (25 damage)
             ... with a splash of acid
             ... on level 5 of the Dungeon.
             The game lasted 00:07:53 (3269 turns).

Peloso the Covered (Minotaur Fighter)               Turns: 3269, Time: 00:07:53

Health: -11/55     AC: 17    Str: 20    XL:     6   Next: 99%
Magic:  5/5        EV:  8    Int:  5    God:
Gold:   189        SH:  5    Dex: 12    Spells: 5/5 levels left

rFire   . . .        a - +0 long sword
rCold   . . .        d - +0 buckler
rNeg    . . .        s - +6 chain mail of the Meager Slug {rPois}
rPois   +            (helmet restricted)
rElec   .            (no cloak)
rCorr   .            c - +0 pair of gloves
SInv    .            (no boots)
Will    .....        i - amulet of regeneration Stlth
                     (no ring)
HPRegen 1.09/turn    (no ring)
MPRegen 0.09/turn

%: no passive effects
@: no status effects
A: horns 2, retaliatory headbutt
a: no special abilities


You were on level 5 of the Dungeon.
You visited 1 branch of the dungeon, and saw 5 of its levels.

You collected 189 gold pieces.

Inventory:

Hand Weapons
 a - a +0 long sword (weapon)
Missiles
 u - a throwing net (quivered)
Armour
 b - a +0 scale mail
 c - a +0 pair of gloves (worn)
 d - a +0 buckler (worn)
 s - the +6 chain mail of the Meager Slug (worn) {rPois}
   (You found it on level 2 of the Dungeon)

   rPois:     It protects you from poison.
Jewellery
 i - an amulet of regeneration (around neck)
Wands
 r - a wand of flame (19)
Scrolls
 f - a scroll of vulnerability {unknown}
 g - 2 scrolls of fog {unknown}
 h - 4 scrolls of blinking
 j - a scroll of silence {unknown}
 l - 2 scrolls of teleportation {unknown}
 p - a scroll of magic mapping {unknown}
Potions
 e - a potion of haste
 k - 3 potions of curing
 m - a potion of might
 n - 3 potions of resistance
 o - a potion of invisibility
 q - a potion of attraction
 t - a potion of berserk rage {unknown}
 v - 2 potions of heal wounds {unknown}
 w - a potion of cancellation {unknown}


   Skills:
 + Level 4.9 Fighting
 + Level 5.3 Long Blades
 + Level 5.9 Armour
 + Level 1.4 Dodging
 + Level 0.4 Stealth
 + Level 5.3 Shields


You had 5 spell levels left.
You didn't know any spells.
Your spell library contained the following spells:

 Spells                   Type           Power      Damage    Failure   Level
 Cigotuvi's Dreadful Rot  Necr/Pois/Air  0%         N/A       100%        2
 Ignite Poison            Fire/Tmut/Pois 0%         N/A       100%        3
 Portal Projectile        Hex/Tloc       0%         N/A       100%        3
 Tukima's Dance           Hex            0%         N/A       100%        3
 Blade Hands              Tmut           0%         N/A       100%        5
 Freezing Cloud           Conj/Ice/Air   0%         6-21      100%        5


Dungeon Overview and Level Annotations

Branches:
Dungeon (5/15)
 Temple: D:4-7

Altars:
Gozag
Zin

Annotations:
D:3 3 runed translucent doors, sonasty's ghost, amateur DEFE


Innate Abilities, Weirdness & Mutations

You have a pair of horns on your head.
You reflexively headbutt those who attack you in melee.


Message History

Your Shields skill increases to level 5!
The acid dragon barely misses you. You block the acid dragon's attack.
Unknown command.
You closely miss the acid dragon. The hound barely misses you.
You furiously retaliate!
You headbutt the hound! The hound bites you but does no damage.
The acid dragon bites you but does no damage.
The acid dragon claws you but does no damage.
Unknown command.
You barely miss the acid dragon. The hound bites you but does no damage.
You block the acid dragon's attack.
The acid dragon claws you but does no damage.
The hound bites you but does no damage.
Unknown command.
You slash the acid dragon!
The acid dragon is heavily wounded.
The hound closely misses you. The acid dragon spits acid at you.
The splash of acid hits you!!
* * * LOW HITPOINT WARNING * * *
You hear a bark!
You barely miss the acid dragon. You headbutt the acid dragon.
The acid dragon is severely wounded.
The hound closely misses you. The acid dragon barely misses you. x2
The hound bites you.
* * * LOW HITPOINT WARNING * * *
Unknown command.
You slash the acid dragon!
The acid dragon is almost dead.
The hound bites you.
* * * LOW HITPOINT WARNING * * *
The acid dragon bites you but does no damage.
The acid dragon barely misses you. The hound barely misses you.
Unknown command.
You closely miss the acid dragon.
The acid dragon is almost dead.
The hound bites you but does no damage. The acid dragon spits acid at you.
The splash of acid hits you!!
You die...

#......##.#
#.....#######
###......##.#
#....)'.<#
#........##.#
#.....####
#........##.# #.....#
#.....#'###.# #.....#
#.....#.###.. .......#
#.....#...###
####+####
#.....#...########
#.###.....#...{D@hs..#
#..............#####.#
#.................#
#...#...#...#W..#.#
#..#...#...#...#..#
#.#...#...#...#...#
..#...#...#...#..#
#...#...#...#...#.#
#.................#


You could see an acid dragon (catching breath), a scorpion and a hound.

Vanquished Creatures
  An orc warrior (D:5)
  A black bear (D:4)
  A scorpion (D:4)
  A hound (D:4)
  A jelly (D:4)
  2 white imps (D:5)
  A worm (D:2)
  7 orcs
  5 ball pythons
  6 bats
  2 endoplasms
  3 giant cockroaches
  8 goblins
  5 hobgoblins
  4 jackals (D:1)
  A quokka (D:1)
  3 frilled lizards
  5 kobolds
  7 rats
64 creatures vanquished.

Vanquished Creatures (others)
  A shadow (D:5)
1 creature vanquished.

Grand Total: 65 creatures vanquished

Notes
Turn   | Place    | Note
-------+----------+-------------------------------------------
     0 | D:1      | Peloso the Minotaur Fighter began the quest for the Orb.
     0 | D:1      | Reached XP level 1. HP: 19/19 MP: 0/0
   275 | D:1      | Reached XP level 2. HP: 27/27 MP: 1/1
  1067 | D:2      | Reached XP level 3. HP: 27/33 MP: 2/2
  1463 | D:2      | Identified the +6 chain mail of the Meager Slug {rPois}
  1837 | D:3      | Found a runed translucent gate.
  1837 | D:3      | Found a runed translucent gate.
  1837 | D:3      | Found a runed translucent gate.
  2040 | D:3      | Noticed sonasty's ghost (amateur DEFE)
  2266 | D:3      | Found an opulent altar of Gozag.
  2268 | D:3      | Found a glowing silver altar of Zin.
  2403 | D:4      | Noticed a scorpion
  2408 | D:4      | Killed a scorpion
  2409 | D:4      | Reached skill level 1 in Dodging
  2409 | D:4      | Reached XP level 4. HP: 38/40 MP: 3/3
  2565 | D:4      | Reached XP level 5. HP: 46/47 MP: 4/4
  2599 | D:4      | Reached skill level 5 in Armour
  2794 | D:4      | Noticed a black bear
  2802 | D:4      | Killed a black bear
  2848 | D:4      | Reached XP level 6. HP: 53/53 MP: 5/5
  3065 | D:5      | Entered Level 5 of the Dungeon
  3143 | D:5      | Noticed an orc warrior
  3186 | D:5      | Killed an orc warrior
  3187 | D:5      | Reached skill level 5 in Long Blades
  3237 | D:5      | Noticed an acid dragon
  3237 | D:5      | Noticed a shadow
  3262 | D:5      | Killed a shadow
  3263 | D:5      | Reached skill level 5 in Shields
  3269 | D:5      | Killed from afar by an acid dragon

Illustrated notes

Levels and vault maps discovered:
D:1:      heliophobic_arrival_glass_houses, layout_basic,
          roderic_serpentine_path
D:2:      layout_loops_ring, serial_co_window_serial, co_window_paths_a,
          co_window_corner_a, co_window_paths_b, co_window_corner_a,
          co_window_cross_1, co_window_2corner, co_window_corner_b,
          co_window_2corner, co_window_of_opportunity_b, co_window_corner_b,
          co_window_of_opportunity_b, co_window_broadway_b, glass_columns_a,
          glass_columns_b, glass_columns_b
D:3:      layout_basic, grunt_temple_overflow_gold_and_silver,
          gammafunk_ghost_icy, minmay_close_crescents
D:4:      layout_basic, minmay_stone_trees_medium, minmay_quantized
D:5:      cheibrodos_fzero, layout_basic, mainiacjoe_overflow_alcove_1,
          minmay_temple_entry_trees, enter_ossuary_2, uniq_crazy_yiuf_cottage

Skill      XL: |  1  2  3  4  5  6 |
---------------+-------------------+-----
Fighting       | 4 |  4.9
Shields        | 4 5 |  5.3
Armour         | 4 5 |  5.9
Long Blades    | 3 4 5 |  5.3
Dodging        | 1 |  1.4
Stealth        | |  0.4

Action                     |  1- 3 |  4- 6 || total
---------------------------+-------+-------++-------
  Melee: Long sword        |   110 |    94 ||   204
         Headbutt          |    10 |    24 ||    34
    Use: Potion            |     2 |     1 ||     3
         Scroll            |     1 |     4 ||     5
 Armour: Scale mail        |    45 |       ||    45
         Chain mail        |    24 |    67 ||    91
  Dodge: Dodged            |    60 |    34 ||    94
  Block: Buckler           |    36 |    31 ||    67
